Map: Prion Terraces

Players

Uniquebpm - Winner!

  • Race: Terran Terran
  • League: Gold

Grumm

  • Race: Protoss Protoss
  • League: Gold

VOD

Have the link to the VOD?

Description

Time

  • Played on: Feb. 4, 2016, 4:42 p.m.
  • Length: 12:13
Show
View Real Time Build Order
Export as new Build Order

Uniquebpm Terran - Winner!

Build Orders:  

Get SALT Encoding   

  12  0:04  SCV  
  13  0:16  SCV  
  14  0:29  Supply Depot  
  14  0:32  SCV  
  15  0:43  Refinery  
  15  0:57  Supply Depot  
  15  0:59  SCV  
  15  1:01  Barracks  
  16  1:11  SCV  
  17  1:17  Supply Depot  
  17  1:23  SCV  
  18  1:32  Refinery  
  18  1:35  SCV  
  19  1:47  SCV  
  20  2:02  Ghost Academy, Reaper  
  20  2:07  Orbital Command  
  21  2:35  Barracks Tech Lab  
  21  2:37  Personal Cloaking  
  21  2:55  Ghost  
  22  3:24  Ghost  
  24  3:52  Ghost  
  26  4:21  Ghost  
  28  4:49  Ghost  
  12  5:18  Ghost  
  10  5:46  Ghost  
  12  5:51  Orbital Command  
  10  6:15  Ghost  
  12  6:22  SCV  
  13  6:34  SCV  
  14  6:47  SCV  
  15  7:09  SCV  
  14  7:21  SCV  
  15  7:36  Supply Depot  
  15  7:53  Supply Depot  
  15  7:57  SCV  
  15  7:58  Supply Depot  
  16  8:02  Engineering Bay  
  15  8:09  SCV  
  16  8:22  SCV  
  17  8:34  SCV  
  16  8:46  SCV  
  17  8:49  Barracks  
  17  8:50  Barracks  
  17  8:52  Barracks  
  17  8:58  SCV  
  18  9:10  SCV  
  19  9:22  SCV  
  20  9:34  SCV  
  21  9:41  Barracks Tech Lab, Barracks Reactor  
  21  9:42  Barracks Tech Lab  
  21  9:46  SCV  
  22  9:58  SCV  
  23  10:10  SCV  
  22  10:15  Marauder  
  22  10:20  Concussive Shells  
  24  10:22  Marine  
  24  10:23  Marine x3, SCV  
  29  10:29  Refinery  
  29  10:40  Marine  
  29  10:41  Marine  
  31  11:01  Command Center  
Show
View Real Time Build Order
Export as new Build Order

Grumm Protoss 

Build Orders:  

Get SALT Encoding   

  12  0:01  Probe (Chrono Boost)  
  13  0:11  Probe (Chrono Boost)  
  14  0:22  Pylon  
  14  0:24  Probe (Chrono Boost)  
  15  0:35  Assimilator  
  15  0:40  Probe (Chrono Boost)  
  16  0:43  Gateway  
  16  0:51  Probe (Chrono Boost)  
  17  1:01  Probe (Chrono Boost)  
  18  1:09  Gateway  
  18  1:13  Pylon  
  18  1:16  Probe (Chrono Boost)  
  19  1:27  Probe (Chrono Boost)  
  19  1:30  Zealot  
  22  1:38  Cybernetics Core  
  22  1:48  Probe (Chrono Boost)  
  23  1:58  Pylon  
  23  2:01  Probe (Chrono Boost)  
  24  2:02  Assimilator  
  24  2:18  Stargate  
  24  2:27  Probe (Chrono Boost)  
  25  2:35  Zealot  
  27  2:38  Mothership Core (Chrono Boost)  
  27  2:41  Warp Gate  
  29  2:56  Probe (Chrono Boost)  
  30  3:16  Stalker  
  30  3:18  Adept  
  34  3:20  Void Ray  
  34  3:23  Probe (Chrono Boost)  
  39  3:37  Pylon  
  39  4:00  Pylon  
  37  4:17  Robotics Facility  
  30  4:30  Nexus  
  25  5:02  Pylon  
  21  5:30  Forge  
  7  6:19  Photon Cannon  
  3  6:49  Probe (Chrono Boost)  
  4  7:00  Probe (Chrono Boost)  
  2  7:52  Stalker  
  3  9:12  Probe (Chrono Boost)  
  4  9:42  Observer (Chrono Boost)  
  5  10:15  Probe (Chrono Boost)  
  6  10:41  Probe (Chrono Boost)  
  7  10:52  Sentry  
  9  11:02  Probe (Chrono Boost)  
  10  11:31  Probe (Chrono Boost)  
  11  11:48  Stalker  
Tags
 
Add a new tag
Caveats
  • Supply blocks, unpowered buildings, or Contaminate may cause inaccurate times.
  • Supply counts are checked every 10 seconds.